 Dungeon Crawl Stone Soup version 0.22.0-60-ga52c2fcf6e (webtiles) character file.

42 JedernureinKreuz the Conjurer (level 3, -1/25 HPs)
             Began as a Gnoll Conjurer on Sept 10, 2018.
             Slain by a kobold
             ... wielding a +0 dagger
              (3 damage)
             ... on level 2 of the Dungeon on Sept 11, 2018.
             The game lasted 00:05:04 (894 turns).

JedernureinKreuz the Conjurer (Gnoll Conjurer)       Turns: 894, Time: 00:05:04

Health: -1/25      AC:  3    Str: 10    XL:     3   Next: 54%
Magic:  1/9        EV: 14    Int: 18    God:
Gold:   125        SH:  0    Dex: 15    Spells: 11/12 levels left

rFire    . . .     SeeInvis .   j - +0 dagger
rCold    . . .     Gourm    .   (no shield)
rNeg     . . .     Faith    .   g - +0 leather armour
rPois    .         Spirit   .   (no helmet)
rElec    .         Reflect  .   (no cloak)
rCorr    .         Harm     .   (no gloves)
MR       .....                  (no boots)
Stlth    ++........             (no amulet)
HPRegen  0.08/turn              (no ring)
MPRegen  0.11/turn              (no ring)

@: no status effects
A: distributed training, fangs 1, strong nose
a: no special abilities


You were on level 2 of the Dungeon.
You were not hungry.

You visited 1 branch of the dungeon, and saw 2 of its levels.

You collected 125 gold pieces.

Inventory:

Hand Weapons
 j - a +0 dagger (weapon)
Missiles
 b - 26 arrows
 f - 58 stones (quivered)
Armour
 a - a +0 robe
 g - a +0 leather armour (worn)
Scrolls
 d - a scroll of noise {unknown}
 e - a scroll of blinking {unknown}
 h - a scroll of identify {unknown}
 i - a scroll of remove curse {unknown}
Potions
 k - a potion of heal wounds {unknown}
 l - a potion of might {unknown}
Comestibles
 c - 3 rations


   Skills:
 + Level 0.8 Fighting
 + Level 0.8 Short Blades
 + Level 0.8 Long Blades
 + Level 0.8 Axes
 + Level 0.8 Maces & Flails
 + Level 0.8 Polearms
 + Level 0.8 Staves
 + Level 0.8 Slings
 + Level 0.8 Bows
 + Level 0.8 Crossbows
 + Level 0.8 Throwing
 + Level 0.8 Armour
 + Level 4.5 Dodging
 + Level 4.1 Stealth
 + Level 0.8 Shields
 + Level 0.8 Unarmed Combat
 + Level 5.0 Spellcasting
 + Level 7.1 Conjurations
 + Level 0.5 Hexes
 + Level 0.5 Charms
 + Level 0.5 Summonings
 + Level 0.5 Necromancy
 + Level 0.5 Translocations
 + Level 0.5 Transmutations
 + Level 0.5 Fire Magic
 + Level 0.5 Ice Magic
 + Level 0.5 Air Magic
 + Level 0.5 Earth Magic
 + Level 0.5 Poison Magic
 + Level 1.0 Invocations
 + Level 0.8 Evocations


You had 11 spell levels left.
You knew the following spells:

 Your Spells              Type           Power        Failure   Level  Hunger
a - Magic Dart            Conj           ####         1%          1    None

Your spell library contained the following spells:

 Spells                   Type           Power        Failure   Level  Hunger
 Searing Ray              Conj           ####..       1%          2    #......
 Iskenderun's Mystic Bla  Conj           ####....     10%         4    ####...
 Dazzling Spray           Conj/Hex       ###...       11%         3    ##.....
 Force Lance              Conj/Tloc      ###.....     36%         4    ####...
 Fulminant Prism          Conj/Hex       ###.......   36%         4    ####...


Dungeon Overview and Level Annotations

Branches:
Dungeon (2/15)

Altars:


Innate Abilities, Weirdness & Mutations

Your experience applies equally to all skills.
You have very sharp teeth.
Your uncanny sense of smell can sniff out nearby items.


Message History

You miss the kobold. The kobold hits you.
* * * LOW HITPOINT WARNING * * *
Casting: Magic Dart (safe; 1% risk of failure)
Confirm with . or Enter, or press ? or * to list all spells.
Aiming: Magic Dart (safe; 1% risk of failure)
Press: ? - help, Shift-Dir - straight line, f - kobold
Aim: a kobold The magic dart hits the kobold.
You kill the kobold!
You hit the kobold.
The kobold is severely wounded.
The kobold barely misses you.
You hit the kobold but do no damage.
The kobold is severely wounded.
The kobold hits you with a dagger.
* * * LOW HITPOINT WARNING * * *
You closely miss the kobold.
The kobold is severely wounded.
The kobold hits you with a dagger.
You die...

############
#..........#
#.##.#####.# #.##.##
#.# ##### #.##..####.#
#####...####.##.PP.##.#
........K@....PP♣♣PP#.#
####...#####..♣♣P..#.#
#...%.# #PP.♣♣.P♣..#
####.....###.♣♣♣♣♣..<.#
............... ♣♣P.##
#.##...(.####.. P.### #
#.......# PP.#
#...K...# ##.#
#...†...# #.


You could see a kobold.

Vanquished Creatures
  An adder (D:2)
  2 dart slugs
  A leopard gecko (D:2)
  4 bats (D:1)
  A giant cockroach (D:1)
  3 goblins (D:1)
  3 hobgoblins
  5 kobolds
  A quokka (D:2)
  A frilled lizard (D:1)
  4 rats
26 creatures vanquished.

Notes
Turn   | Place    | Note
-------+----------+-------------------------------------------
     0 | D:1      | JedernureinKreuz the Gnoll Conjurer began the quest for the
                  | Orb.
     0 | D:1      | Reached XP level 1. HP: 13/13 MP: 6/6
   106 | D:1      | Reached XP level 2. HP: 15/19 MP: 0/7
   527 | D:1      | Reached XP level 3. HP: 25/25 MP: 7/9
   855 | D:2      | Reached skill level 5 in Spellcasting
   874 | D:2      | Reached skill level 1 in Invocations
   894 | D:2      | Slain by a kobold

Skill      XL: |  1  2  3 |
---------------+----------+-----
Spellcasting   | 5 |  5.0
Invocations    | 1 |  1.0
Fighting       | |  0.8
Short Blades   | |  0.8
Long Blades    | |  0.8
Axes           | |  0.8
Maces & Flails | |  0.8
Polearms       | |  0.8
Staves         | |  0.8
Slings         | |  0.8
Bows           | |  0.8
Crossbows      | |  0.8
Throwing       | |  0.8
Armour         | |  0.8
Dodging        | |  4.5
Stealth        | |  4.1
Shields        | |  0.8
Unarmed Combat | |  0.8
Conjurations   | |  7.1
Hexes          | |  0.5
Charms         | |  0.5
Summonings     | |  0.5
Necromancy     | |  0.5
Translocations | |  0.5
Transmutations | |  0.5
Fire Magic     | |  0.5
Ice Magic      | |  0.5
Air Magic      | |  0.5
Earth Magic    | |  0.5
Poison Magic   | |  0.5
Evocations     | |  0.8

Action                   || total
-------------------------++-------
Melee: Unarmed           ||     6
       Dagger            ||    12
 Cast: Magic Dart        ||    41
Armor: Leather armour    ||     2
Dodge: Dodged            ||    10
